 Dungeon Crawl Stone Soup version 0.26-a0-259-g1effd001a9 (webtiles) character file.

Game seed: 17628367205294642803

2406 sanka the Frost Mage (level 9, 0/62 HPs)
             Began as a Barachi Ice Elementalist on July 12, 2020.
             Killed from afar by an electric eel (11 damage)
             ... with a bolt of electricity
             ... on level 6 of the Dungeon.
             The game lasted 00:12:59 (6872 turns).

sanka the Frost Mage (Barachi Ice Elementalist)     Turns: 6872, Time: 00:13:01

Health: 0/62       AC:  8    Str: 16    XL:     9   Next: 47%
Magic:  22/25      EV: 13    Int: 19    God:
Gold:   248        SH:  0    Dex: 12    Spells: 3/18 levels left

rFire    . . .     SeeInvis .   a - +5 spear of Kiom {vorpal, Str+6}
rCold    . . .     Faith    .   (no shield)
rNeg     . . .     Spirit   .   y - +0 steam dragon scales
rPois    .         Reflect  .   n - +0 helmet
rElec    .         Harm     .   r - +0 cloak
rCorr    .                      A - +0 pair of gloves
MR       .....                  (no boots)
Stlth    ++........             (no amulet)
HPRegen  0.20/turn              (no ring)
MPRegen  0.19/turn              f - ring of magical power

@: frozen ramparts, slow
A: +LOS, swims, slowness 1, strong legs 1
a: Hop


You were on level 6 of the Dungeon.
You were not hungry.

You visited 1 branch of the dungeon, and saw 6 of its levels.

You collected 248 gold pieces.


Innate Abilities, Weirdness & Mutations

You can be seen from farther away. (+LOS)
You can swim through water.
You cover ground slowly.
You can hop short distances.


   Skills:
 * Level 2.7 Fighting
 * Level 3.4 Dodging
 - Level 1.7 Stealth
 - Level 5.0 Spellcasting
 + Level 1.6 Conjurations
 - Level 3.0 Summonings
 - Level 13.0 Ice Magic


You had 3 spell levels left.
You knew the following spells:

 Your Spells              Type           Power        Failure   Level
a - Ozocubu's Armour      Chrm/Ice       ####....     2%          3
u - Hailstorm             Conj/Ice       ####....     6%          4
x - Summon Ice Beast      Ice/Summ       #####...     4%          4
y - Frozen Ramparts       Ice            ######       1%          3
z - Freeze                Ice            ####         1%          1

Your spell library contained the following spells:

 Spells                   Type           Power        Failure   Level
 Passwall                 Tmut/Erth      #.......     19%         2
 Song of Slaying          Chrm           #.......     19%         2
 Confusing Touch          Hex            #.......     36%         3
 Gell's Gravitas          Tloc           #.........   36%         3
 Metabolic Englaciation   Hex/Ice        ####......   24%         5
 Leda's Liquefaction      Hex/Erth       #.........   77%         4
 Petrify                  Tmut/Erth      #.......     77%         4
 Bolt of Magma            Conj/Fire/Erth #.........   95%         5
 Yara's Violent Unravell  Hex/Tmut       #.........   98%         5
 Ring of Flames           Chrm/Fire      #.........   100%        7

Inventory:

Hand Weapons
 a - the +5 spear of Kiom (weapon) {vorpal, Str+6}

   It inflicts extra damage upon your enemies.
   It affects your strength (+6).
 m - a +0 halberd
 s - a +3 quarterstaff of chaos
 K - a +3 trident of protection
Missiles
 t - 94 stones (quivered)
 v - 23 poisoned darts
 E - 8 boomerangs
Armour
 n - a +0 helmet (worn)
 r - a +0 cloak (worn)
 y - +0 steam dragon scales (worn)
 A - a +0 pair of gloves (worn)
Magical Staves
 F - an uncursed staff of air
Jewellery
 f - a ring of magical power (right hand)
Wands
 j - a wand of paralysis (7)
 p - a wand of clouds (11)
Scrolls
 b - a scroll of fear
 i - 5 scrolls of teleportation {@r4}
 l - a scroll of identify {@r1}
 o - 2 scrolls of amnesia
 u - 2 scrolls of magic mapping
 x - 2 scrolls of enchant weapon
 z - 2 scrolls of fog
 D - a scroll of enchant armour
Potions
 d - 4 potions of brilliance {unknown}
 e - 4 potions of lignification {!q}
 g - 2 potions of berserk rage {unknown}
 h - 3 potions of degeneration {unknown}
 k - 3 potions of curing {unknown}
 q - a potion of invisibility {unknown}
 w - a potion of haste {unknown}
 B - a potion of flight {unknown}
 C - a potion of ambrosia {unknown}
 G - a potion of mutation {unknown}
 H - a potion of heal wounds {unknown}
 I - 2 potions of cancellation {unknown}
 J - a potion of magic {unknown}
Comestibles
 c - 20 rations

Dungeon Overview and Level Annotations

Branches:
Dungeon (6/15)
 Temple: D:4-7

Altars:
Elyvilon
Fedhas
Nemelex Xobeh
Okawaru
Ru
Sif Muna
Uskayaw
Wu Jian
Zin

▒▒▒.(...≈≈▒▒
▒▒▒'▒▒▒▒▒ ▒..▒
▒▒''▒▒ ▒ ▒....▒
≈≈≈ ▒....▒ ≈≈≈≈≈
▒....▒
▒≈≈≈≈≈▒▒▒▒▒▒....▒
≈≈≈≈≈≈≈≈((▒F▒▒▒▒.▒
≈≈≈≈≈≈≈≈;≈≈▒▒ ▒≈≈
≈≈≈≈≈≈≈≈c▒▒▒ ▒▒≈.
▒▒▒▒▒▒▒▒▒▒ ▒


You could see a centaur and an electric eel (slow).


Message History

You hear a splash.
You see here an arrow.
The walls around you are covered in ice.
The bullfrog croaks.
The wall freezes the bullfrog.
The bullfrog swells and bulges.
The wall freezes the bullfrog!
The bullfrog seems to slow down.
The wall freezes the centaur.
The wall freezes the bullfrog.
The bullfrog seems to slow down.
The wall freezes the bullfrog!
The bullfrog seems to slow down.
The bullfrog barely misses you.
The wall freezes the electric eel.
The electric eel seems to slow down.
The wall freezes the bullfrog.
You kill the bullfrog!
The wall freezes the centaur.
The centaur shoots an arrow.
The arrow hits you!
* * * LOW HITPOINT WARNING * * *
The wall freezes the centaur.
The centaur shoots an arrow.
The arrow hits you!
* * * LOW HITPOINT WARNING * * *
The wall freezes the electric eel.
The electric eel shoots out a bolt of lightning at you!
The bolt of electricity hits you!
You die...

Action                   |  1- 3 |  4- 6 |  7- 9 || total
-------------------------+-------+-------+-------++-------
Melee: Unarmed           |    10 |       |       ||    10
       Halberd           |       |    20 |       ||    20
       Trident           |       |    38 |    77 ||   115
       Spear             |       |       |    52 ||    52
 Cast: Freeze            |    32 |    38 |    53 ||   123
       Frozen Ramparts   |     1 |     4 |    27 ||    32
       Ozocubu's Armour  |       |     1 |    18 ||    19
       Summon Ice Beast  |       |       |     2 ||     2
Evoke: Wand              |       |       |     1 ||     1
  Use: Scroll            |       |       |    12 ||    12
 Stab: Sleeping          |       |     3 |       ||     3
  Eat: Ration            |     1 |     2 |     3 ||     6
Armor: Robe              |     6 |    16 |    65 ||    87
       Steam dragon scal |       |       |     3 ||     3
Dodge: Dodged            |    27 |    45 |   101 ||   173

Levels and vault maps discovered:
D:1:      minmay_arrival_loop, layout_loops_corners,
          chequers_serial_rivers_small_b
D:2:      minmay_alternating_diamond, layout_loops_corners, first_ration,
          uniq_crazy_yiuf_cottage
D:3:      layout_rooms
D:4:      layout_rooms, tgw_sif, minitemple, kennysheep_generic_room_6
D:5:      minmay_opposing_rooms, layout_basic, overflow_temple_1_default,
          overflow_temple_1_default, gammafunk_temple_overflow_forgotten,
          uniq_ijyb
D:6:      wad_lake_hut, layout_rooms, minmay_temple_entry_poolview,
          serial_shops, nicolae_shop_statue_plus, basic_altar,
          minmay_quadrilaterals

Notes
Turn   | Place    | Note
-------+----------+-------------------------------------------
     0 | D:1      | sanka the Barachi Ice Elementalist began the quest for the
                  | Orb.
     0 | D:1      | Reached XP level 1. HP: 13/13 MP: 3/3
   110 | D:1      | Reached skill level 5 in Ice Magic
   120 | D:1      | Reached XP level 2. HP: 19/19 MP: 0/5
  1054 | D:1      | Reached XP level 3. HP: 19/24 MP: 2/7
  1059 | D:1      | Learned a level 3 spell: Frozen Ramparts
  1063 | D:1      | Learned a level 3 spell: Ozocubu's Armour
  1123 | D:1      | Reached skill level 3 in Spellcasting
  1460 | D:2      | Found a runed translucent door.
  1461 | D:2      | Noticed Crazy Yiuf
  1546 | D:2      | Reached skill level 6 in Ice Magic
  1546 | D:2      | Reached XP level 4. HP: 28/30 MP: 3/8
  2458 | D:2      | Killed Crazy Yiuf
  2458 | D:2      | Reached skill level 7 in Ice Magic
  2458 | D:2      | Reached XP level 5. HP: 35/35 MP: 3/9
  2652 | D:3      | Noticed a phantom
  2704 | D:3      | Killed a phantom
  2704 | D:3      | Reached skill level 8 in Ice Magic
  2704 | D:3      | Reached XP level 6. HP: 32/41 MP: 8/10
  2713 | D:3      | Learned a level 4 spell: Summon Ice Beast
  2966 | D:3      | Noticed an orc warrior
  2976 | D:3      | Killed an orc warrior
  2976 | D:3      | Reached skill level 1 in Summonings
  2983 | D:3      | Reached skill level 2 in Summonings
  3488 | D:4      | Reached XP level 7. HP: 46/46 MP: 5/12
  3502 | D:4      | Reached skill level 4 in Spellcasting
  3547 | D:4      | Reached skill level 3 in Summonings
  3765 | D:4      | Reached skill level 9 in Ice Magic
  3929 | D:4      | Found a hide-covered altar of Uskayaw.
  3930 | D:4      | Found an iron altar of Okawaru.
  3932 | D:4      | Found a sacrificial altar of Ru.
  4361 | D:4      | Reached skill level 5 in Spellcasting
  4361 | D:4      | Reached XP level 8. HP: 33/52 MP: 7/15
  4480 | D:4      | Reached skill level 10 in Ice Magic
  4673 | D:4      | Found a shimmering blue altar of Sif Muna.
  4726 | D:5      | Entered Level 5 of the Dungeon
  4731 | D:5      | Found a blossoming altar of Fedhas.
  4950 | D:5      | Reached skill level 11 in Ice Magic
  5201 | D:5      | Found a white marble altar of Elyvilon.
  5204 | D:5      | Found a sparkling altar of Nemelex Xobeh.
  5457 | D:5      | Got a bloodstained spear
  5458 | D:5      | Identified the +5 spear of Kiom {vorpal, Str+6} (You found
                  | it on level 5 of the Dungeon)
  5575 | D:5      | Reached skill level 12 in Ice Magic
  5728 | D:5      | Noticed Ijyb
  5746 | D:5      | Killed Ijyb
  5746 | D:5      | Reached XP level 9. HP: 46/57 MP: 13/16
  6110 | D:5      | Found an ornate altar of the Wu Jian Council.
  6169 | D:5      | Found a glowing silver altar of Zin.
  6417 | D:6      | Learned a level 4 spell: Hailstorm
  6535 | D:6      | Identified +0 steam dragon scales
  6535 | D:6      | Reached skill level 1 in Fighting
  6620 | D:6      | Reached skill level 1 in Conjurations
  6713 | D:6      | Reached skill level 3 in Dodging
  6735 | D:6      | Reached skill level 2 in Fighting
  6774 | D:6      | Reached skill level 13 in Ice Magic
  6823 | D:6      | Identified the Grimoire of Clay and Talismans
  6872 | D:6      | Killed from afar by an electric eel

Vanquished Creatures
  A steam dragon (D:6)
  2 orc warriors
  An ice beast (D:6)
  A sky beast (D:5)
  A phantom (D:3)
  6 ogres
  2 centaurs (D:5)
  2 bullfrogs (D:6)
  A scorpion (D:5)
  An electric eel (D:6)
  A howler monkey (D:5)
  A centaur zombie (D:6)
  2 hounds (D:4)
  A jelly (D:5)
  A quasit (D:5)
  Crazy Yiuf (D:2)
  2 orc priests (D:3)
  2 orc wizards
  Ijyb (D:5)
  2 bullfrog skeletons (D:5)
  An iguana (D:5)
  8 worker ants
  A killer bee zombie (D:5)
  A hound zombie (D:6)
  A hound skeleton (D:4)
  A worker ant zombie (D:5)
  A howler monkey zombie (D:5)
  A howler monkey skeleton (D:4)
  4 gnolls (D:2)
  9 adders
  A white imp (D:5)
  2 ufetubi (D:6)
  An ooze (D:5)
  A worm (D:4)
  3 dart slugs
  3 leopard geckos
  14 orcs
  9 bats
  6 giant cockroaches
  5 goblins
  9 hobgoblins
  14 jackals
  7 kobolds
  3 quokkas
  2 ball pythons (D:2)
  A ball python zombie (D:6)
  4 frilled lizards
  A leopard gecko skeleton (D:6)
  2 quokka skeletons (D:4)
  3 rats
151 creatures vanquished.

Vanquished Creatures (others)
  3 plants
3 creatures vanquished.

Grand Total: 154 creatures vanquished
